cohdb
Replays
Latest Replays
All Replays
Popular Replays
Top Player Replays
Match Explorer
How It Works
Community
CoH3 Stats
Reddit
Sign in to upload your games and track your stats! →
Sign in with Steam
Match 45632760
Unlisted
Match 45632760
Overview
Messages
Build Orders
End
Vickers Machine Gun Team
Construct Section Command Post
Selects Air and Sea Battlegroup
Infantry Section
Infantry Section
Infantry Section
Grenade Package
Construct Platoon Command Post
Selects Supply Surplus
6-pounder Anti-tank Gun Team
Selects Commando Section Paradrop
Selects M1 Pack Howitzer Paradrop
M1 Pack Howitzer Paradrop
Construct Company Command Post
Unlock M3 Grant Medium Tanks
M3 Grant Medium Tank
CMP 15cwt Truck
M3 Grant Medium Tank
[EC] Ouch
[EC] Slip~Slide
[EC] Comrade Sniper
Dark Lord Cthulhu
DOLPHSTALLONE
friskydingo 101
Mazzlov
Steel Striker
0
0
Comments
sign in to comment!
No comments posted yet!